 Dungeon Crawl Stone Soup version 0.26-a0-682-g294304f6e8 (webtiles) character file.

Game seed: 6522368060961986698

16470 Kinoniko the Basher (level 12, -43/94 HPs)
             Began as a Demonspawn Berserker on Oct 21, 2020.
             Was a High Priest of Trog.
             Annihilated by an orc knight
             ... wielding a +0 glaive
              (44 damage)
             ... on level 11 of the Dungeon.
             The game lasted 00:22:43 (13349 turns).

Kinoniko the Basher (Demonspawn Berserker)         Turns: 13349, Time: 00:22:45

Health: -43/94     AC: 11    Str: 22    XL:     12   Next: 10%
Magic:  12/12      EV: 16    Int: 10    God:    Trog [*****.]
Gold:   863        SH:  0    Dex: 20    Spells: 11/11 levels left

rFire    + + .     SeeInvis .   d - +9 dire flail (protect)
rCold    . . .     Faith    .   (shield currently unavailable)
rNeg     . . .     Spirit   .   Q - +2 chain mail {rF+}
rPois    .         Reflect  .   (no helmet)
rElec    .         Harm     .   M - scarf {shadows}
rCorr    .         Rampage  .   (no gloves)
MR       ++...                  (no boots)
Stlth    ..........             A - amulet of regeneration
HPRegen  1.65/turn              f - +6 ring of dexterity
MPRegen  0.13/turn              x - ring of protection from fire

@: mighty, agile, berserk cooldown, regenerating, hasted and slowed
A: hooves 1, thin skeletal structure 1, foul stench 2, powered by pain 2, rot
immunity
a: Berserk, Trog's Hand, Brothers in Arms, Renounce Religion


You were on level 11 of the Dungeon.
You worshipped Trog.
Trog was extremely pleased with you.
You visited 1 branch of the dungeon, and saw 11 of its levels.
You also visited: Bailey.

You collected 960 gold pieces.
You spent 97 gold pieces at shops.

Inventory:

Hand Weapons
 a - a +0 mace
 d - a +9 dire flail of protection (weapon)
 e - a +0 whip
 o - a +0 halberd
 y - the +1 whip "Umeroj" {holy, rC+ MR+}
   (You found it on level 5 of the Dungeon)

   It has been blessed by the Shining One to cause great damage to the undead
   and demons.
   It protects you from cold.
   It affects your resistance to hostile enchantments.
Missiles
 b - 4 boomerangs (quivered)
 t - 13 silver javelins
 B - 28 javelins
 N - 5 poisoned darts
 P - 7 atropa-tipped darts
Armour
 J - a +2 scale mail of poison resistance
 M - a scarf of shadows (worn)
 O - a +0 plate armour of cold resistance
 Q - a +2 chain mail of fire resistance (worn)
Jewellery
 f - a +6 ring of dexterity (left hand)
 x - a ring of protection from fire (right hand)
 A - an amulet of regeneration (around neck)
 L - a cursed -4 ring of evasion
Wands
 k - a wand of acid (10)
 v - a wand of flame (117)
 H - a wand of polymorph (9)
 K - a wand of digging (3)
Scrolls
 g - a scroll of enchant armour
 l - 2 scrolls of amnesia
 m - 6 scrolls of remove curse
 q - 2 scrolls of enchant weapon
 u - a scroll of fear
 w - 4 scrolls of teleportation
 R - a scroll of brand weapon {unknown}
Potions
 h - 7 potions of curing
 i - 5 potions of mutation
 j - 3 potions of lignification
 n - 3 potions of flight
 p - 4 potions of brilliance
 r - 2 potions of degeneration
 s - 3 potions of cancellation
 E - a potion of might
 G - a potion of magic {unknown}
 I - 2 potions of stabbing {unknown}
Miscellaneous
 C - a lightning rod (4/4)
 D - a box of beasts (3/3)
 F - a lightning rod (4/4)


   Skills:
 + Level 8.6 Fighting
 * Level 13.2 Maces & Flails
 * Level 6.7 Throwing
 - Level 5.0 Armour
 - Level 5.0 Dodging
 - Level 3.6 Evocations


You had 11 spell levels left.
You didn't know any spells.
Your spell library contained the following spells:

 Spells                   Type           Power        Failure   Level
 Confusing Touch          Hex            #.......     100%        3
 Gell's Gravitas          Tloc           #.........   100%        3
 Petrify                  Tmut/Erth      #.......     100%        4
 Metabolic Englaciation   Hex/Ice        #.........   100%        5
 Yara's Violent Unravell  Hex/Tmut       #.........   100%        5


Dungeon Overview and Level Annotations

Branches:
Dungeon (11/15)            Temple (0/1) D:5            Lair (0/6) D:8
    Orc (0/2) D:11         Bailey (visited)

Altars:
Cheibriados
Dithmenos
Gozag
Nemelex Xobeh
Okawaru
Qazlal
Uskayaw
Vehumet
Yredelemnul
The Shining One
Beogh

Shops:
D:6 *

Portals:
Trove: D:10 (give +2 storm dragon scales)


Innate Abilities, Weirdness & Mutations

You have large cloven feet.
You have a somewhat thin skeletal structure. (Dex +2, Stealth)
You frequently emit foul miasma when damaged in melee.
You sometimes gain power by taking damage.
You are immune to rotting.


Message History

You feel much better.
The orc knight hits you from afar with a +0 glaive!
The orc knight hits you but does no damage.
You feel yourself speed up.
The orc knight hits you from afar with a +0 glaive!!
You focus on the pain.
You feel agile all of a sudden.
An orc comes into view. It is wielding a +0 hand axe.
The orc knight misses you.
The orc priest calls down the wrath of Beogh upon you.
Beogh smites you!
The orc knight roars a battlecry!
The orcs go into a battle-frenzy!
You feel very mighty all of a sudden.
The orc knight hits you with a cursed -3 war axe!!
* * * LOW HITPOINT WARNING * * *
You focus on the pain.
You feel more agile all of a sudden.
The orc knight hits you from afar with a +0 glaive!!!
You die...

#.# #..# ####..###..........#####
#.# ##.# ##...#.....##..##
..####.#######......(...(..##
.###...^.......###[)()..##..#
.....#.######..#.))..)...#..###
....##..# #.#.)##†).........###
.##.###.# ###..o###..............
.##.# .# #...o####...........##.
.##.. .###.#ooo@.)...........###
.###.##.#.ooo########.........###
.# ........)# ##...........# ..
#.#...o8....o#.....####.#..
#.#.o'oo...#.....# #.###
...##.8Zo⌠o.#.....# #.# ...
#.#oo...#.....####.## ..
#.#ooo..#...........##
#.#8._.>#.....####....


You could see 2 orc knights, an orc warrior (strong), an orc priest (strong) and
3 orcs.

Vanquished Creatures
  Erolcha (D:11)
  A hydra (D:11)
  An orange crystal statue (D:10)
  2 cyclopes (D:11)
  An elephant (D:8)
  Joseph (D:10)
  4 molten gargoyles (D:9)
  A troll (D:8)
  17 yaks
  2 wyverns
  3 vampires
  A steam dragon (D:11)
  Edmund (D:4)
  18 orc warriors
  4 black bears
  2 sky beasts
  3 necrophages
  2 ice beasts
  4 ogres
  13 centaurs
  4 phantoms
  2 big kobolds
  Blork the orc (D:5)
  7 bullfrogs
  A scorpion (D:9)
  10 killer bees
  3 wights (D:8)
  8 howler monkeys
  2 bullfrog zombies
  A centaur zombie (D:9)
  6 hounds
  3 jellies
  9 orc priests
  3 centaur skeletons
  2 gnoll shamans
  A bullfrog skeleton (D:8)
  An iguana (D:6)
  16 orc wizards
  10 worker ants
  A killer bee zombie (D:8)
  15 gnolls
  16 adders
  2 shadow imps
  A white imp (D:8)
  An ooze (D:4)
  An adder skeleton (D:4)
  2 worms
  A dart slug (D:3)
  6 leopard geckos
  85 orcs
  2 ball pythons
  9 giant cockroaches
  12 goblins
  12 hobgoblins
  5 jackals (D:8)
  2 quokkas
  4 bats
  10 frilled lizards
  16 kobolds
  A leopard gecko skeleton (D:4)
  10 rats
386 creatures vanquished.

Vanquished Creatures (collateral kills)
  Sonja (D:10)
1 creature vanquished.

Vanquished Creatures (others)
  2 orcs (D:11)
2 creatures vanquished.

Grand Total: 389 creatures vanquished

Notes
Turn   | Place    | Note
-------+----------+-------------------------------------------
     0 | D:1      | Kinoniko the Demonspawn Berserker began the quest for the
                  | Orb.
     0 | D:1      | Reached XP level 1. HP: 18/18 MP: 1/1
   391 | D:1      | Reached skill level 3 in Maces & Flails
   459 | D:1      | Gained mutation: You have a somewhat thin skeletal
                  | structure. (Dex +2, Stealth) [demonic ancestry]
   459 | D:1      | Reached XP level 2. HP: 24/24 MP: 2/2
  1074 | D:2      | Reached skill level 4 in Maces & Flails
  1074 | D:2      | Reached XP level 3. HP: 29/29 MP: 3/3
  1077 | D:2      | Gained mutation: You have large cloven feet. [demonic
                  | ancestry]
  1077 | D:2      | Reached XP level 4. HP: 35/35 MP: 4/4
  1290 | D:2      | Reached ** piety under Trog
  1427 | D:2      | Found a faded altar of an unknown god.
  1441 | D:2      | Reached skill level 5 in Maces & Flails
  1786 | D:2      | Gained mutation: You are immune to rotting. [demonic
                  | ancestry]
  1786 | D:2      | Reached XP level 5. HP: 40/41 MP: 5/5
  2529 | D:3      | Found a radiant altar of Vehumet.
  2529 | D:3      | Found a basalt altar of Yredelemnul.
  2531 | D:3      | Found an iron altar of Okawaru.
  2532 | D:3      | Found a snail-covered altar of Cheibriados.
  2562 | D:3      | Reached skill level 6 in Maces & Flails
  2571 | D:3      | Reached *** piety under Trog
  2571 | D:3      | Reached XP level 6. HP: 47/47 MP: 6/6
  3473 | D:4      | Noticed Edmund
  3495 | D:4      | Killed Edmund
  3495 | D:4      | Reached skill level 7 in Maces & Flails
  3495 | D:4      | Gained mutation: You sometimes gain a little power by
                  | taking damage. [demonic ancestry]
  3495 | D:4      | Reached XP level 7. HP: 31/52 MP: 7/7
  3814 | D:4      | Found a stormy altar of Qazlal.
  3814 | D:4      | Found a shadowy altar of Dithmenos.
  3822 | D:4      | Reached skill level 8 in Maces & Flails
  3981 | D:4      | Reached **** piety under Trog
  4437 | D:4      | Reached skill level 9 in Maces & Flails
  4437 | D:4      | Reached XP level 8. HP: 53/58 MP: 8/8
  4505 | D:5      | Entered Level 5 of the Dungeon
  4685 | D:5      | Found a glowing golden altar of the Shining One.
  4780 | D:5      | Got a faintly glowing whip
  4781 | D:5      | Identified the +1 whip "Umeroj" {holy, rC+ MR+} (You found
                  | it on level 5 of the Dungeon)
  5169 | D:5      | Noticed Blork the orc
  5176 | D:5      | Killed Blork the orc
  5292 | D:5      | Found a staircase to the Ecumenical Temple.
  5514 | D:6      | Found Ipsaz's General Store.
  5524 | D:6      | Bought a scroll of enchant weapon for 97 gold pieces
  5918 | D:6      | Found a hide-covered altar of Uskayaw.
  6086 | D:6      | Gained mutation: You may emit foul miasma when damaged in
                  | melee. [demonic ancestry]
  6086 | D:6      | Reached XP level 9. HP: 66/66 MP: 9/9
  6094 | D:6      | Reached skill level 10 in Maces & Flails
  6647 | D:7      | Reached skill level 5 in Fighting
  6731 | D:7      | Reached ***** piety under Trog
  6750 | D:7      | Found a flagged portal.
  6759 | Bailey   | Entered a bailey
  7300 | Bailey   | Gained mutation: You frequently emit foul miasma when
                  | damaged in melee. [demonic ancestry]
  7300 | Bailey   | Reached XP level 10. HP: 43/76 MP: 10/10
  7485 | Bailey   | Reached skill level 11 in Maces & Flails
  7575 | Bailey   | Reached skill level 5 in Armour
  7575 | Bailey   | Reached skill level 5 in Dodging
  8173 | Bailey   | Reached skill level 1 in Throwing
  9024 | D:7      | Reached skill level 1 in Evocations
  9624 | D:7      | Received a gift from Trog
  9709 | D:8      | Noticed an elephant
  9720 | D:8      | Found a staircase to the Lair.
  9724 | D:8      | Killed an elephant
 10077 | D:8      | Reached skill level 12 in Maces & Flails
 10516 | D:9      | Gained mutation: You sometimes gain power by taking damage.
                  | [demonic ancestry]
 10516 | D:9      | Reached XP level 11. HP: 84/84 MP: 11/11
 11383 | D:9      | Found an opulent altar of Gozag.
 11385 | D:9      | Found a sparkling altar of Nemelex Xobeh.
 11491 | D:10     | Entered Level 10 of the Dungeon
 11597 | D:10     | Noticed an orange crystal statue
 11599 | D:10     | Noticed Joseph
 11623 | D:10     | Killed Joseph
 11802 | D:10     | Received a gift from Trog
 11802 | D:10     | Reached skill level 5 in Throwing
 12023 | D:10     | Noticed Sonja
 12036 | D:10     | Killed Sonja
 12134 | D:10     | Found a portal to a secret trove of treasure.
 12719 | D:10     | Killed an orange crystal statue
 13123 | D:11     | Reached skill level 13 in Maces & Flails
 13161 | D:11     | Noticed Erolcha
 13161 | D:11     | Noticed a six-headed hydra
 13173 | D:11     | Killed Erolcha
 13180 | D:11     | Killed a six-headed hydra
 13180 | D:11     | Reached XP level 12. HP: 94/94 MP: 12/12
 13280 | D:11     | Found Laitistro's Book Shoppe.
 13327 | D:11     | Found a roughly hewn altar of Beogh.
 13327 | D:11     | Found a staircase to the Orcish Mines.
 13349 | D:11     | HP: 1/94 [orc knight/cursed -3 war axe (32)]
 13349 | D:11     | Annihilated by an orc knight

Illustrated notes

Levels and vault maps discovered:
D:1:      dpeg_arrival_simpleton_a, layout_basic, kennysheep_decorative_pillar,
          minmay_misc_feat_plants
D:2:      cheibrodos_pilgrimage, layout_loops_corners,
          chequers_ecumenical_altar_simple_redux
D:3:      layout_loops_cross, grunt_temple_overflow_open
D:4:      layout_rooms, chequers_temple_overflow_statue_of_worship,
          dk_vineyard_3, uniq_edmund
D:5:      minmay_spotlight, layout_loops_corners, lemuel_round_altar,
          minmay_temple_entry_statues_pillars, uniq_blork_the_orc
D:6:      layout_loops_cross, kennysheep_mini, serial_shops, shop_coins,
          minivault_10
D:7:      layout_loops_cross, enter_bailey_3
D:8:      layout_rooms, david_lair_generic, interstate_on_off
D:9:      layout_roguey, grunt_temple_overflow_opulence, minivault_8
D:10:     layout_rooms, trove_entry_hex_spiral, minmay_protected_statue,
          uniq_joseph, uniq_sonja
D:11:     layout_rooms, david_orc_5, basic_altar, serial_shops, shop,
          uniq_erolcha

Skill      XL: |  1  2  3  4  5  6  7  8  9 10 11 |
---------------+----------------------------------+-----
Maces & Flails | 3 4 5 6 7 9 10 12 13 | 13.2
Dodging        | 3 4 5 |  5.0
Armour         | 3 4 5 |  5.0
Fighting       | 4 5 7 8 |  8.6
Throwing       | 2 6 |  6.7
Evocations     | 3 |  3.6

Action                   |  1- 3 |  4- 6 |  7- 9 | 10-12 || total
-------------------------+-------+-------+-------+-------++-------
Melee: Mace              |    12 |       |       |       ||    12
       Whip              |    66 |   220 |    22 |       ||   308
       Kick              |       |    61 |    70 |   155 ||   286
       Dire flail        |       |       |   220 |   448 ||   668
       Halberd           |       |       |       |    39 ||    39
Throw: Javelin           |       |       |     1 |     5 ||     6
Invok: Berserk           |     1 |     7 |    12 |    19 ||    39
       Trog's Hand       |       |       |       |     3 ||     3
       Brothers in Arms  |       |       |       |     1 ||     1
Evoke: Wand              |       |       |       |     1 ||     1
  Use: Scroll            |       |    13 |     9 |     8 ||    30
       Potion            |       |       |     1 |    10 ||    11
 Stab: Sleeping          |     1 |       |       |       ||     1
Armor: Chain mail        |    39 |    84 |   186 |    64 ||   373
       Animal skin       |     1 |       |       |       ||     1
       Scale mail        |       |       |       |   133 ||   133
Dodge: Dodged            |    37 |    83 |   123 |   343 ||   586

Table legend: (Time is in decaauts)
 A = Elapsed time spent in this place.
 B = Non-inter-level travel time spent in this place.
 C = Inter-level travel time spent in this place.
 D = Time resting spent in this place.
 E = Time spent auto-exploring this place.
 F = Levels seen in this place.
 G = Mean time per level.
                   A        B        C        D        E       F      G
               +--------+--------+--------+--------+--------+-----+--------+
         Total |  13514 |  13164 |    350 |   4469 |   6189 |  12 | 1126.2 |
       Dungeon |  11271 |  10921 |    350 |   3150 |   5827 |  11 | 1024.6 |
        Bailey |   2243 |   2243 |      0 |   1318 |    362 |   1 | 2243.0 |
               +--------+--------+--------+--------+--------+-----+--------+

Top non-repeatable levels by time:
  Bailey: 2243 daAuts
     D:3: 1482 daAuts
     D:2: 1373 daAuts
    D:10: 1332 daAuts
     D:9: 1249 daAuts
     D:7: 1101 daAuts
     D:5: 1001 daAuts
     D:6: 901 daAuts
     D:1: 871 daAuts
     D:4: 814 daAuts
     D:8: 673 daAuts
    D:11: 469 daAuts
